 Dungeon Crawl Stone Soup version 0.21.1-1-g345015fe64 (webtiles) character file.

408 NullDivider the Charlatan (level 6, -3/32 HPs)
             Began as a Spriggan Artificer on May 30, 2018.
             Killed by nerve-wracking pain
             ... invoked by Grinder
              (10 damage)
             ... on level 4 of the Dungeon.
             The game lasted 00:18:14 (4911 turns).

NullDivider the Charlatan (Spriggan Artificer)      Turns: 4911, Time: 00:18:15

Health: -3/32      AC:  2    Str:  8    XL:     6   Next: 57%
Magic:  10/10      EV: 20    Int: 13    God:
Gold:   109        SH:  0    Dex: 18    Spells: 5/5 levels left

rFire    . . .     SeeInvis +   a - +0 short sword
rCold    . . .     Gourm    .   (shield restricted)
rNeg     . . .     Faith    .   b - +0 robe
rPois    .         Spirit   .   (helmet restricted)
rElec    .         Reflect  .   (no cloak)
rCorr    .         Harm     .   (gloves unavailable)
MR       +....                  (boots unavailable)
Stlth    +++.......             (no amulet)
HPRegen  0.10/turn              t - ring of wizardry
MPRegen  0.12/turn              (no ring)

@: very quick
A: very small, unfitting armour, see invisible, herbivore, speed 3, slow
metabolism 2
a: no special abilities


You were on level 4 of the Dungeon.
You were near starving.

You visited 1 branch of the dungeon, and saw 4 of its levels.

You collected 109 gold pieces.

Inventory:

Hand Weapons
 a - a +0 short sword (weapon)
Missiles
 g - 60 stones (quivered)
 q - 34 arrows
Armour
 b - a +0 robe (worn)
Jewellery
 t - a ring of wizardry (left hand)
Wands
 d - a wand of enslavement (14)
Scrolls
 i - 2 scrolls of blinking
 j - 4 scrolls of teleportation
 m - a scroll of enchant armour
 n - a scroll of remove curse
 o - a scroll of fear
 u - a scroll of immolation {unknown}
 v - a scroll of noise {unknown}
Potions
 e - a potion of heal wounds {unknown}
 h - 2 potions of haste {unknown}
 l - a potion of curing {unknown}
 p - a potion of brilliance {unknown}
 r - a potion of agility {unknown}
 s - a potion of flight {unknown}
Comestibles
 f - 3 rations


   Skills:
 * Level 3.0 Fighting
 * Level 4.1 Short Blades
 + Level 4.5 Dodging
 + Level 4.1 Stealth
 + Level 5.2 Evocations


You had 5 spell levels left.
You didn't know any spells.

Dungeon Overview and Level Annotations

Branches:
Dungeon (4/15)
 Temple: D:4-7

Altars:
Cheibriados
Dithmenos
Elyvilon
Ru
Zin

Annotations:
D:4 Grinder


Innate Abilities, Weirdness & Mutations

You are very small and have problems with some larger weapons.
You are too small for most types of armour.
You have supernaturally acute eyesight. (SInv)
You are a herbivore.
You cover ground extremely quickly.
You need consume almost no food.


Message History

You throw a stone.
The stone hits Grinder but does no damage.
Grinder is almost dead.
Throwing (i - inventory):
g - 62 stones (quivered)
Press: ? - help, Shift-Dir - straight line, f/p - Grinder
Aim: Grinder (almost dead)
You throw a stone.
The stone hits Grinder but does no damage.
Grinder is almost dead.
Grinder gestures at you. You resist with significant effort.
Throwing (i - inventory):
g - 61 stones (quivered)
Press: ? - help, Shift-Dir - straight line, f/p - Grinder
Aim: Grinder (almost dead)
You throw a stone.
The stone hits Grinder but does no damage.
Grinder is almost dead.
Grinder gestures at you. Pain shoots through your body!
You die...

#.# #.# #.#
#.# #.# #.#
#.# #@# # #
#.#.#
##.##.#.###..
#..<.........
#####.#......
#5#...... #.#
..... #.#
..... #(#
....


You could see Grinder.

Vanquished Creatures
  Sigmund (D:2)
  An orc priest (D:3)
  2 orc wizards (D:3)
  A worker ant (D:2)
  5 adders
  An ooze (D:3)
  A worm (D:3)
  4 dart slugs
  2 leopard geckos
  4 orcs
  5 bats
  4 giant cockroaches
  5 goblins
  6 hobgoblins
  10 jackals
  A quokka (D:3)
  2 ball pythons
  3 frilled lizards (D:2)
  4 kobolds (D:1)
  8 rats
70 creatures vanquished.

Vanquished Creatures (collateral kills)
  2 kobolds (D:3)
2 creatures vanquished.

Vanquished Creatures (others)
  An orc wizard (D:3)
1 creature vanquished.

Grand Total: 73 creatures vanquished

Notes
Turn   | Place    | Note
-------+----------+-------------------------------------------
     0 | D:1      | NullDivider the Spriggan Artificer began the quest for the Orb.
     0 | D:1      | Reached XP level 1. HP: 9/9 MP: 4/4
    50 | D:1      | Reached skill level 1 in Fighting
   194 | D:1      | Reached XP level 2. HP: 13/14 MP: 6/6
  1160 | D:2      | Reached XP level 3. HP: 11/18 MP: 7/7
  1790 | D:2      | Reached XP level 4. HP: 23/23 MP: 8/8
  2169 | D:2      | Noticed Sigmund
  2429 | D:2      | Killed Sigmund
  2429 | D:2      | Reached skill level 5 in Evocations
  2429 | D:2      | Reached XP level 5. HP: 15/27 MP: 9/9
  2594 | D:2      | Reached XP level 6. HP: 22/32 MP: 10/10
  4526 | D:3      | Found a sacrificial altar of Ru.
  4735 | D:3      | Found a glowing silver altar of Zin.
  4735 | D:3      | Found a white marble altar of Elyvilon.
  4735 | D:3      | Found a shadowy altar of Dithmenos.
  4736 | D:3      | Found a snail-covered altar of Cheibriados.
  4805 | D:4      | Noticed Grinder
  4807 | D:4      | Paralysed by Grinder for 5 turns
  4853 | D:4      | Paralysed by Grinder for 6 turns
  4876 | D:4      | Paralysed by Grinder for 7 turns
  4894 | D:4      | Paralysed by Grinder for 3 turns
  4911 | D:4      | Killed from afar by Grinder

Skill      XL: |  1  2  3  4  5  6 |
---------------+-------------------+-----
Fighting       | 1 2 3 |  3.0
Stealth        | 2 3 4 |  4.1
Short Blades   | 2 3 4 |  4.1
Dodging        | 4 |  4.5
Evocations     | 5 |  5.2

Action                   |  1- 3 |  4- 6 || total
-------------------------+-------+-------++-------
Melee: Short sword       |   120 |   191 ||   311
Throw: Stone             |       |    17 ||    17
Evoke: Wand              |     5 |    26 ||    31
  Use: Scroll            |       |     5 ||     5
 Stab: Sleeping          |     8 |     6 ||    14
       Paralysed         |       |     3 ||     3
       Distracted        |       |     1 ||     1
Armor: Robe              |     8 |     9 ||    17
Dodge: Dodged            |   104 |   123 ||   227
